Map: Romanticide LE

Players

GunGFuBanDa

  • Race: Protoss Protoss
  • League: Grandmaster

uwuThermal (uThermal) - Winner!

  • Race: Terran Terran
  • League: Master

Event: DreamHack SC2 Masters 2021 Summer

VOD

Have the link to the VOD?

Description

Time

  • Played on: June 2, 2021, 1:19 p.m.
  • Length: 17:39

All games in this series

Show
View Real Time Build Order
Export as new Build Order

GunGFuBanDa Protoss 

Build Orders: 1 Gate Expand, Blink Stalkers 

Get SALT Encoding   

  12  0:00  Probe  
  13  0:12  Probe  
  14  0:17  Pylon  
  14  0:24  Probe (Chrono Boost)  
  15  0:37  Probe (Chrono Boost), Gateway  
  16  0:43  Probe (Chrono Boost)  
  16  0:45  Assimilator  
  17  0:51  Probe  
  18  1:03  Probe  
  19  1:15  Probe  
  20  1:22  Nexus  
  20  1:31  Cybernetics Core  
  20  1:34  Probe  
  21  1:46  Probe  
  22  1:47  Pylon  
  22  1:53  Assimilator  
  22  1:58  Probe  
  23  2:05  Adept (Chrono Boost)  
  23  2:08  Warp Gate  
  25  2:10  Probe  
  26  2:22  Probe (Chrono Boost)  
  27  2:28  Sentry  
  29  2:34  Probe (Chrono Boost)  
  31  2:37  Probe (Chrono Boost)  
  31  2:43  Probe (Chrono Boost)  
  33  2:44  Probe (Chrono Boost)  
  33  2:49  Probe x2 (Chrono Boost)  
  34  2:52  Twilight Council  
  34  2:54  Stalker  
  37  3:01  Probe x2  
  39  3:07  Gateway  
  39  3:13  Probe (Chrono Boost)  
  39  3:14  Probe (Chrono Boost)  
  41  3:25  Probe (Chrono Boost), Blink (Chrono Boost)  
  43  3:31  Probe (Chrono Boost)  
  43  3:33  Probe (Chrono Boost)  
  44  3:35  Pylon  
  44  3:37  Probe, Assimilator  
  44  3:39  Probe  
  46  3:45  Robotics Facility  
  46  3:53  Probe x2  
  48  3:56  Pylon, Stalker  
  48  4:01  Stalker  
  52  4:05  Probe  
  52  4:09  Nexus  
  53  4:11  Pylon  
  53  4:23  Probe x2  
  54  4:27  Pylon  
  54  4:34  Observer, Stalker x2  
  54  4:35  Probe x2  
  61  4:44  Pylon  
  61  4:45  Gateway  
  61  4:46  Gateway  
  61  4:47  Probe x2  
  63  4:56  Observer  
  64  5:04  Probe  
  65  5:08  Charge (Chrono Boost)  
  65  5:09  Probe, Shield Battery  
  66  5:16  Probe, Robotics Bay  
  66  5:17  Forge  
  66  5:20  Immortal (Chrono Boost)  
  67  5:21  Probe  
  67  5:22  Probe  
  67  5:28  Probe  
  74  5:29  Shield Battery  
  74  5:33  Probe, Stalker x2  
  78  5:43  Stalker x2  
  76  6:02  Probe  
  77  6:05  Zealot x2  
  81  6:14  Probe  
  72  6:27  Probe x2 (Chrono Boost)  
  72  6:29  Probe (Chrono Boost)  
  73  6:34  Warp Prism  
  73  6:38  Probe x2 (Chrono Boost)  
  73  6:39  Probe (Chrono Boost)  
  78  6:42  Protoss Ground Weapons Level 1 (Chrono Boost)  
  78  6:43  Zealot x3  
  78  6:44  Probe x2 (Chrono Boost), Zealot  
  78  6:45  Probe (Chrono Boost)  
  89  6:47  Assimilator  
  89  6:48  Assimilator  
  89  6:53  Probe x2  
  89  6:54  Probe  
  92  6:57  Pylon  
  92  7:05  Probe x2  
  94  7:09  Zealot x3  
  94  7:11  Colossus (Chrono Boost)  
  94  7:15  Pylon  
  104  7:17  Pylon  
  104  7:19  Pylon  
  104  7:23  Extended Thermal Lance  
  104  7:24  Gateway  
  104  7:25  Gateway  
  104  7:33  Observer, Zealot, Sentry  
  104  7:34  Zealot  
  110  7:38  Pylon  
  110  7:39  Gateway  
  110  7:41  Gateway  
  110  7:42  Pylon  
  110  7:52  Pylon  
  110  7:55  Colossus (Chrono Boost)  
  110  7:57  Observer  
  106  8:05  Pylon  
  100  8:12  Zealot x2, Stalker x2  
  108  8:16  Photon Cannon  
  108  8:27  Nexus  
  108  8:28  Shield Battery  
  106  8:34  Colossus (Chrono Boost)  
  106  8:39  Zealot x8  
  116  8:51  Probe  
  116  8:55  Probe x2  
  111  8:56  Pylon  
  111  8:57  Protoss Ground Weapons Level 2 (Chrono Boost)  
  111  9:01  Observer  
  111  9:02  Templar Archives  
  103  9:03  Probe  
  103  9:05  Sentry x2  
  103  9:06  Photon Cannon, Stalker x4  
  103  9:08  Zealot  
  118  9:15  Immortal  
  122  9:21  Forge  
  122  9:37  Zealot x7  
  122  9:38  Zealot  
  138  9:46  Robotics Facility  
  138  9:53  Pylon  
  138  9:54  Disruptor  
  138  9:58  Zealot x3, Stalker x2  
  151  10:04  Photon Cannon  
  151  10:06  Zealot x2  
  154  10:09  Protoss Ground Armor Level 1 (Chrono Boost)  
  154  10:16  Pylon  
  144  10:36  Disruptor (Chrono Boost)  
  144  10:37  Disruptor (Chrono Boost)  
  144  10:38  Photon Cannon  
  143  10:43  Probe, Zealot  
  143  10:45  Probe  
  143  10:46  Probe x2  
  143  10:48  High Templar x2, Zealot  
  143  10:49  Zealot x4  
  163  10:52  Gateway  
  163  10:53  Archon  
  163  10:54  Gateway  
  163  10:55  Probe, Pylon  
  164  10:58  Probe  
  165  11:05  Disruptor (Chrono Boost)  
  165  11:06  Observer  
  168  11:12  Observer, Protoss Ground Weapons Level 3 (Chrono Boost)  
  168  11:13  Pylon  
  168  11:16  Assimilator  
  168  11:17  Dark Shrine  
  168  11:21  Zealot x8  
  187  11:36  Disruptor (Chrono Boost)  
  187  11:38  Warp Prism (Chrono Boost)  
  187  11:41  Gateway  
  189  11:49  Probe  
  188  12:00  Photon Cannon, Nexus  
  188  12:01  Photon Cannon  
  184  12:17  Protoss Ground Armor Level 2 (Chrono Boost)  
  182  12:28  Shadow Stride  
  168  12:31  Zealot x10  
  186  12:37  Probe x2, Pylon  
  182  12:59  Dark Templar x6  
  182  13:00  Dark Templar x3  
  186  13:28  Zealot x2  
  169  13:41  Stalker x5  
  173  13:42  Zealot x4  
  173  13:46  Photon Cannon  
  173  13:47  Probe x2  
  173  13:48  Photon Cannon  
  183  13:50  Photon Cannon  
  183  13:51  Shield Battery  
  183  13:53  Pylon  
  177  13:57  Warp Prism  
  179  14:03  Probe x2, Protoss Shields Level 1 (Chrono Boost)  
  181  14:10  Zealot x5  
  181  14:11  Zealot x4  
  181  14:12  Probe  
  181  14:17  Observer  
  200  14:24  Nexus  
  158  14:54  Immortal x2 (Chrono Boost)  
  125  15:08  Zealot x4  
  125  15:09  Zealot x6  
  127  15:19  Robotics Facility  
  127  15:22  Probe, Pylon  
  127  15:25  Disruptor (Chrono Boost)  
  129  15:29  Stalker x6  
  119  15:38  Zealot x4  
  97  15:55  Colossus (Chrono Boost), Dark Templar  
  95  15:57  Colossus (Chrono Boost), Stalker x5  
  95  16:02  Zealot x4  
  118  16:19  Probe x2  
  118  16:20  Probe  
  114  16:26  Zealot x3  
  114  16:27  Zealot x6  
  92  16:44  Dark Templar  
  94  16:48  Stalker x8  
  104  16:54  Gateway  
  83  17:02  Gateway  
  83  17:08  Probe  
  84  17:11  Pylon, Zealot x7  
Show
View Real Time Build Order
Export as new Build Order

uwuThermal Terran - Winner!

Build Orders: Reaper Expand 

Get SALT Encoding   

  12  0:00  SCV  
  13  0:12  SCV  
  14  0:17  Supply Depot  
  14  0:24  SCV  
  15  0:38  SCV  
  15  0:39  Barracks  
  16  0:43  Refinery  
  16  0:50  SCV  
  17  1:02  SCV  
  18  1:14  SCV  
  19  1:26  Reaper  
  19  1:27  Orbital Command  
  20  1:46  Command Center  
  20  1:53  SCV  
  21  1:58  Marine, Supply Depot  
  22  2:05  SCV  
  23  2:09  Factory  
  23  2:18  Bunker  
  23  2:20  SCV  
  23  2:21  Barracks Reactor  
  24  2:32  Refinery, SCV  
  25  2:44  SCV  
  26  2:54  Hellion  
  26  2:56  Starport  
  26  2:57  SCV  
  26  2:58  Orbital Command  
  29  2:59  Marine  
  29  3:01  Marine  
  31  3:09  SCV  
  32  3:16  Widow Mine  
  32  3:17  Marine  
  32  3:19  Marine  
  36  3:21  SCV  
  36  3:25  SCV  
  38  3:33  SCV, Medivac  
  40  3:35  Marine, Supply Depot  
  40  3:37  SCV, Marine  
  40  3:39  Factory Tech Lab  
  43  3:46  SCV  
  44  3:48  Supply Depot  
  44  3:49  SCV  
  44  3:54  Marine  
  46  3:56  Marine  
  46  3:58  SCV  
  46  3:59  Siege Tank  
  46  4:01  SCV  
  52  4:10  SCV  
  52  4:11  Supply Depot  
  52  4:12  Marine  
  52  4:13  SCV  
  52  4:14  Marine  
  52  4:15  Liberator  
  59  4:22  SCV  
  60  4:28  SCV  
  60  4:29  Marine  
  62  4:32  Marine  
  62  4:34  Supply Depot  
  62  4:35  SCV  
  62  4:38  Siege Tank  
  67  4:42  SCV, Command Center  
  68  4:47  SCV  
  68  4:48  Marine  
  70  4:55  SCV, Barracks, Marine  
  72  5:00  Starport Tech Lab, Barracks, SCV  
  72  5:05  Supply Depot  
  72  5:06  Marine  
  74  5:07  SCV  
  74  5:10  Siege Tank  
  78  5:22  Engineering Bay x2  
  78  5:26  SCV x2, Marine  
  78  5:27  Refinery  
  78  5:28  Marine  
  81  5:29  Refinery  
  82  5:38  SCV x2  
  84  5:44  Marine  
  84  5:48  Factory Reactor  
  81  5:50  SCV x2, Marine  
  83  5:57  Bunker  
  83  5:58  Bunker  
  83  5:59  Marauder, Stimpack  
  83  6:02  SCV x2  
  87  6:08  Marine  
  87  6:09  Marauder  
  87  6:14  SCV  
  87  6:16  Marine  
  82  6:20  Marauder  
  82  6:24  Terran Infantry Armor Level 1, Terran Infantry Weapons Level 1, SCV  
  74  6:26  Barracks  
  74  6:27  SCV, Barracks  
  74  6:30  Orbital Command  
  74  6:31  Marine  
  74  6:32  Marauder  
  72  6:34  Marine  
  72  6:37  SCV  
  72  6:39  Widow Mine x2, Combat Shield  
  78  6:41  SCV  
  78  6:42  Marine  
  80  6:49  SCV  
  80  6:50  Supply Depot  
  80  6:52  Starport Reactor  
  80  6:53  Marauder, Marine  
  80  6:54  SCV  
  85  6:56  SCV  
  85  7:01  SCV, Marauder  
  89  7:03  Widow Mine x2  
  89  7:04  Marine  
  89  7:06  SCV  
  89  7:08  Supply Depot  
  95  7:11  Marine  
  95  7:14  Supply Depot  
  95  7:15  Marauder  
  98  7:16  Barracks Reactor, Barracks Tech Lab, SCV  
  98  7:21  Marine  
  98  7:22  Marauder, Supply Depot  
  100  7:26  Widow Mine x2  
  100  7:28  SCV, Missile Turret  
  103  7:33  Armory, Missile Turret  
  103  7:34  Marauder, Marine  
  103  7:35  SCV x2  
  108  7:39  Marine  
  108  7:40  Refinery x2  
  108  7:41  Medivac  
  108  7:42  SCV  
  112  7:45  Medivac  
  112  7:47  SCV  
  112  7:50  Missile Turret  
  110  8:05  Marine  
  106  8:06  SCV, Marauder  
  106  8:07  SCV  
  106  8:08  SCV  
  106  8:12  Viking  
  114  8:13  Marine  
  114  8:14  Marauder, Marine  
  114  8:15  Widow Mine x2  
  114  8:18  SCV, Supply Depot  
  124  8:20  SCV  
  124  8:21  SCV, Terran Infantry Weapons Level 2  
  124  8:22  Terran Infantry Armor Level 2  
  125  8:30  Command Center  
  125  8:33  Supply Depot  
  121  8:35  Concussive Shells  
  121  8:38  Marine  
  121  8:39  Marauder  
  121  8:41  Marauder, Marine  
  108  8:50  Marine  
  108  8:51  Marauder  
  108  8:53  Marine  
  108  8:55  Medivac x2  
  109  8:57  SCV, Marine  
  109  8:58  Marine  
  109  9:00  Marauder  
  109  9:02  Ghost Academy  
  118  9:03  Marauder  
  118  9:04  Widow Mine x2  
  118  9:06  SCV  
  118  9:07  SCV  
  124  9:11  Terran Ship Weapons Level 1  
  124  9:20  Marine x2  
  124  9:21  SCV, Marauder x2  
  131  9:24  Supply Depot  
  131  9:27  Viking  
  131  9:28  Viking  
  135  9:33  Enhanced Shockwaves  
  135  9:35  SCV  
  135  9:36  Marine  
  135  9:37  Marauder  
  140  9:45  SCV  
  140  9:48  Ghost x2  
  144  9:53  SCV, Missile Turret  
  144  9:55  Starport  
  144  9:57  SCV  
  144  9:59  SCV  
  147  10:00  Planetary Fortress  
  147  10:04  Viking  
  147  10:05  SCV  
  147  10:06  Viking  
  152  10:09  Ghost  
  152  10:11  SCV  
  152  10:14  Marine x2  
  156  10:19  Supply Depot  
  156  10:21  Missile Turret  
  157  10:28  SCV  
  153  10:33  Ghost  
  149  10:38  SCV  
  149  10:40  Barracks, Ghost  
  149  10:41  Barracks  
  149  10:42  SCV x2, Barracks, Marine, Missile Turret  
  152  10:47  SCV  
  152  10:48  Marine x2  
  152  10:49  Marine, Sensor Tower  
  156  10:51  SCV  
  156  10:53  Supply Depot  
  156  10:55  Viking  
  159  10:58  Viking  
  159  11:03  Marauder, Marine  
  159  11:04  Marine, Supply Depot  
  165  11:13  Marine  
  165  11:16  Command Center  
  165  11:17  Marauder, Marine x2  
  168  11:27  Marauder, Marine  
  168  11:28  Marauder, Missile Turret  
  168  11:29  Barracks Tech Lab  
  168  11:30  Barracks Reactor, Barracks Tech Lab  
  172  11:35  Command Center  
  172  11:38  Bunker  
  172  11:41  Terran Infantry Weapons Level 3  
  172  11:44  Terran Infantry Armor Level 3  
  172  11:48  Supply Depot  
  172  11:50  Marauder, Marine  
  175  11:55  Marine x3  
  175  11:56  Marauder x2  
  175  12:00  Viking  
  184  12:03  Marine  
  184  12:04  Marauder  
  184  12:06  Medivac x2  
  191  12:08  Medivac  
  191  12:15  Refinery  
  191  12:20  Marine  
  191  12:21  Marauder  
  188  12:31  Marauder, Marine  
  191  12:40  Terran Ship Weapons Level 2  
  191  12:41  SCV  
  191  12:42  Fusion Core  
  191  12:44  Marauder, Marine  
  194  12:56  Marine x2  
  194  12:57  Marauder x2  
  190  12:59  SCV  
  190  13:01  Orbital Command  
  190  13:02  Marauder, Marine  
  194  13:08  Marine  
  194  13:09  Marauder  
  195  13:13  Missile Turret  
  195  13:18  Marine  
  195  13:22  Marine  
  194  13:30  Marine  
  195  13:35  Marine x2  
  195  13:41  Supply Depot  
  195  13:43  Viking  
  195  13:45  Ghost x3  
  195  13:50  Command Center  
  195  13:52  Command Center  
  193  13:57  Ghost  
  193  14:01  Marine  
  196  14:03  Marauder  
  196  14:04  SCV  
  196  14:08  SCV  
  198  14:16  Ghost  
  200  14:18  Missile Turret  
  200  14:24  Ghost  
  199  14:36  Ghost x2  
  196  14:42  Ghost  
  190  14:46  Ghost  
  190  14:53  Ghost  
  190  14:56  Marine  
  187  15:05  Ghost  
  187  15:06  Marauder, Marine x2  
  164  15:07  Marine x2  
  164  15:11  Marauder  
  164  15:12  Marine  
  164  15:13  Marine, Liberator x2  
  172  15:15  Marauder  
  172  15:20  Planetary Fortress  
  175  15:21  SCV  
  175  15:22  Marauder  
  175  15:24  Marine  
  175  15:27  Marauder  
  180  15:33  Marauder  
  180  15:34  Marauder, Marine  
  174  15:37  Marauder, Medivac  
  174  15:38  SCV x2  
  174  15:40  Orbital Command  
  176  15:43  Marauder, Marine x2  
  176  15:47  Marine x2  
  176  15:48  Marauder  
  164  15:51  Marine  
  164  15:54  Marauder  
  164  15:55  Marauder  
  164  15:56  Marine  
  166  15:58  Marauder  
  166  15:59  Refinery, SCV  
  166  16:00  Refinery, Marine  
  166  16:01  Marine  
  170  16:05  Marauder, Medivac  
  170  16:09  Marine  
  170  16:10  Marauder, Marine  
  174  16:17  SCV  
  174  16:20  Medivac  
  174  16:21  SCV  
  177  16:25  Marine  
  177  16:26  Marauder  
  177  16:27  Marauder x2, Marine  
  179  16:35  Marine  
  179  16:36  Marauder  
  179  16:39  Medivac  
  173  16:42  Marine x2  
  173  16:43  Marauder  
  173  16:45  SCV  
  178  16:47  Marauder, Marine  
  177  16:55  SCV, Marine x2  
  177  16:56  Marauder x2, Marine  
  177  16:57  Marauder  
  177  17:00  Marine  
  185  17:04  Marauder, Marine  
  185  17:05  Marine  
  185  17:06  SCV  
  185  17:09  Marauder  
  185  17:10  SCV  
  185  17:13  SCV, Marine x2  
  190  17:17  Marauder x2, Marine  
Tags
 
Add a new tag
Caveats
  • Supply blocks, unpowered buildings, or Contaminate may cause inaccurate times.
  • Supply counts are checked every 10 seconds.